 Dungeon Crawl Stone Soup version 0.31.0-11-ge490571c62 (webtiles) character file.

Game seed: 18219436569763187482

102 Rassilon the Insei (level 4, -15/37 HPs)
             Began as a Demonspawn Monk on Feb 1, 2024.
             Demolished by Crazy Yiuf
             ... wielding a +3 quarterstaff of chaos
              (18 damage)
             ... on level 2 of the Dungeon.
             The game lasted 00:06:58 (1959 turns).

Rassilon the Insei (Demonspawn Monk)                Turns: 1959, Time: 00:06:59

Health: -15/37     AC:  3    Str: 14    XL:     4   Next: 49%
Magic:  0/4        EV: 14    Int: 12    God:
Gold:   150        SH:  0    Dex: 21    Spells: 3/3 levels left

rFire   . . .        e - +2 dagger (freeze)
rCold   . . .        (no shield)
rNeg    . . .        a - +0 robe
rPois   .            m - +1 hat
rElec   .            (no cloak)
rCorr   .            (no gloves)
SInv    .            (no boots)
Will    .....        (no amulet)
Stlth   ++           l - +6 ring of dexterity
HPRegen 0.26/turn    (no ring)
MPRegen 0.09/turn

%: no passive effects
@: no status effects
A: antennae 1, spiny 1, big brain 1
a: no special abilities


You were on level 2 of the Dungeon.
You visited 1 branch of the dungeon, and saw 4 of its levels.

You collected 150 gold pieces.

Inventory:

Hand Weapons
 e - a +2 dagger of freezing (weapon)
Armour
 a - a +0 robe (worn)
 j - an orb of energy
 m - a +1 hat (worn)
Jewellery
 l - a +6 ring of dexterity (left hand)
Talismans
 h - a beast talisman
Scrolls
 c - a scroll of identify {unknown}
 g - a scroll of teleportation {unknown}
 k - a scroll of fog {unknown}
Potions
 b - 3 potions of ambrosia
 d - a potion of mutation {unknown}
 f - a potion of degeneration {unknown}
 i - 2 potions of curing {unknown}
 n - a potion of heal wounds {unknown}


   Skills:
 + Level 3.6 Fighting
 + Level 3.2 Dodging
 * Level 3.7 Unarmed Combat
 + Level 0.9 Shapeshifting


You had 3 spell levels left.
You didn't know any spells.
Your spell library was empty.

Dungeon Overview and Level Annotations

Branches:
Dungeon (4/15)
 Temple: D:4-7

Altars:

Annotations:
D:2 Crazy Yiuf


Innate Abilities, Weirdness & Mutations

You have a pair of small antennae on your head.
You are partially covered in sharp spines.
You have an unusually large brain. (Int +2)


Message History

The giant cockroach is severely wounded.
The giant cockroach is struck by your spines.
You kill the giant cockroach!
You see here a giant cockroach corpse.
You see here a giant cockroach corpse.
You now have 150 gold pieces (gained 12).
n - a bubbling silvery potion
Found a hammer.
Found a runed translucent door.
You open the door.
Crazy Yiuf shouts!
There is an open translucent door here.
You hit Crazy Yiuf. You freeze Crazy Yiuf.
Crazy Yiuf is moderately wounded.
Crazy Yiuf completely misses you.
You hit Crazy Yiuf. You freeze Crazy Yiuf.
Crazy Yiuf is moderately wounded.
Crazy Yiuf barely misses you.
You closely miss Crazy Yiuf.
Crazy Yiuf is moderately wounded.
Crazy Yiuf misses you.
You hit Crazy Yiuf but do no damage.
Crazy Yiuf is moderately wounded.
Crazy Yiuf is struck by your spines.
Crazy Yiuf hits you with a +3 quarterstaff of chaos!
Crazy Yiuf burns you.
You hit Crazy Yiuf but do no damage.
Crazy Yiuf is severely wounded.
Crazy Yiuf closely misses you.
You completely miss Crazy Yiuf.
Crazy Yiuf is severely wounded.
Crazy Yiuf is struck by your spines.
Crazy Yiuf hits you with a +3 quarterstaff of chaos!
You feel your power leaking away.
You hit Crazy Yiuf. You freeze Crazy Yiuf.
Crazy Yiuf is almost dead.
Crazy Yiuf says, "Defame green foot!"
Crazy Yiuf hits you with a +3 quarterstaff of chaos!
* * * LOW HITPOINT WARNING * * *
You convulse!!
You die...

..........#.#############.#
............# #.#
############# #.# #.# #####
#.# #)..# #.# ##### #...#
#.# ....# #.g.# #.# ....#
#@# #.# ....# ♣.♣♣ ##.#
....# ♣♣.♣ #..# #.### ♣.♣♣
###.## #.# ♣♣.♣ #...# #.#
♣♣.♣♣ #.###### #.##########
♣♣...♣ #......#
...........# ♣....♣
######.# #.##########
#'..'# ######.#


You could see Crazy Yiuf.

Vanquished Creatures
  Robin (D:2)
  2 adders (D:3)
  3 dart slugs
  2 endoplasms (D:1)
  2 giant cockroaches (D:2)
  10 hobgoblins
  8 jackals
  A kobold (D:1)
  6 ball pythons
  5 bats
  4 frilled lizards
  11 goblins
  8 rats
63 creatures vanquished.

Notes
Turn   | Place    | Note
-------+----------+-------------------------------------------
     0 | D:1      | Rassilon the Demonspawn Monk began the quest for the Orb.
     0 | D:1      | Reached XP level 1. HP: 18/18 MP: 1/1
   211 | D:1      | Gained mutation: You have an unusually large brain. (Int
                  | +2) [demonic ancestry]
   211 | D:1      | Reached XP level 2. HP: 24/24 MP: 2/2
   213 | D:1      | Found a faded altar of an unknown god.
   918 | D:2      | Gained mutation: You have a pair of small antennae on your
                  | head. [demonic ancestry]
   918 | D:2      | Reached XP level 3. HP: 28/29 MP: 3/3
  1068 | D:2      | Noticed Robin
  1093 | D:2      | Killed Robin
  1223 | D:2      | Gained mutation: You are partially covered in sharp spines.
                  | [demonic ancestry]
  1223 | D:2      | Reached XP level 4. HP: 35/35 MP: 4/4
  1482 | D:2      | You fall into a shaft and drop 2 floors!
  1947 | D:2      | Found a runed translucent door.
  1948 | D:2      | Noticed Crazy Yiuf
  1959 | D:2      | Demolished by Crazy Yiuf

Illustrated notes

Levels and vault maps discovered:
D:1:      onia_arrival_mini_maze, layout_basic,
          shapermc_ecumenical_altar_mp_ritualfount
D:2:      layout_basic, uniq_robin, uniq_crazy_yiuf_cottage
D:3:      layout_loops_ring, minmay_cut_off, uniq_sigmund
D:4:      layout_loops_corners, serial_shops,
          nicolae_shop_competitors_out_of_business, uniq_edmund

Skill      XL: |  1  2 |
---------------+-------+-----
Unarmed Combat | 3 |  3.7
Dodging        | 3 |  3.2
Fighting       | |  3.6
Shapeshifting  | |  0.9

Action                     |  1- 3 |  4- 6 || total
---------------------------+-------+-------++-------
  Melee: Unarmed           |    19 |       ||    19
         Dagger            |   107 |    22 ||   129
         Punch             |       |     1 ||     1
   Stab: Sleeping          |     1 |     5 ||     6
 Armour: Robe              |    50 |     5 ||    55
  Dodge: Dodged            |    81 |     8 ||    89
